 Dungeon Crawl Stone Soup version 0.29.0-4-gdea44cf6ec (webtiles) character file.

Game seed: 4638952789875344695

5 qw the Chopper (level 1, -1/12 HPs)
             Began as a Tengu Warper on Aug 28, 2022.
             Slain by a kobold
             ... wielding a +2 vampiric short sword
              (4 damage)
             ... on level 1 of the Dungeon.
             The game lasted 00:00:00 (194 turns).

qw the Chopper (Tengu Warper)                        Turns: 194, Time: 00:00:01

Health: -1/12      AC:  3    Str: 11    XL:     1   Next: 80%
Magic:  4/4        EV: 11    Int: 13    God:
Gold:   18         SH:  0    Dex: 13    Spells: 4/4 levels left

rFire   . . .      SeeInvis .   a - +0 hand axe
rCold   . . .      Faith    .   (no shield)
rNeg    . . .      Spirit   .   b - +0 leather armour
rPois   .          Reflect  .   (helmet restricted)
rElec   .          Harm     .   (no cloak)
rCorr   .          Rampage  .   (no gloves)
Will    .....                   (boots unavailable)
Stlth   +.........              (no amulet)
HPRegen 0.04/turn               (no ring)
MPRegen 0.09/turn               (no ring)

@: no status effects
A: beak, talons 3
a: no special abilities


You were on level 1 of the Dungeon.
You visited 1 branch of the dungeon, and saw 1 of its levels.

You collected 18 gold pieces.


Innate Abilities, Weirdness & Mutations

You have a beak for a mouth.
You have claws for feet.


   Skills:
 - Level 2.0 Fighting
 + Level 2.8 Axes
 - Level 1.0 Throwing
 - Level 1.1 Armour
 - Level 2.1 Dodging
 - Level 2.0 Spellcasting
 - Level 2.4 Translocations


You had 4 spell levels left.
You didn't know any spells.
Your spell library contained the following spells:

 Spells                   Type           Power      Damage    Failure   Level
 Blink                    Tloc           14%        N/A       19%         2
 Gell's Gravitas          Tloc           7%         N/A       36%         3
 Lesser Beckoning         Tloc           7%         N/A       36%         3
 Teleport Other           Tloc           7%         N/A       36%         3
 Manifold Assault         Tloc           7%         N/A       98%         5

Inventory:

Hand Weapons
 a - a +0 hand axe (weapon)
 d - a +0 club
Armour
 b - a +0 leather armour (worn)
Jewellery
 e - a ring of ice
Scrolls
 c - a scroll of blinking

Dungeon Overview and Level Annotations

Branches:
Dungeon (1/15)

Altars:


Message History

Enter note: You hit the endoplasm.
The endoplasm is moderately wounded.
The endoplasm hits you.
You hit the endoplasm.
You kill the endoplasm!
You start resting.
HP restored.
A kobold comes into view.
It is wielding a +2 vampiric short sword.
The kobold shouts!
You hear a shout!
A hobgoblin comes into view.
You hear a shout!
You hit the kobold but do no damage. Your kick misses the kobold.
The kobold hits you but does no damage.
You closely miss the kobold. You claw the kobold.
The kobold is moderately wounded.
You hit the hobgoblin.
The kobold hits you with a +2 vampiric short sword.
The kobold draws strength from your wounds!
The hobgoblin closely misses you.
You hit the hobgoblin.
You kill the hobgoblin!
You hit the kobold.
The kobold hits you with a +2 vampiric short sword.
Ouch! That really hurt!
The kobold draws strength from your wounds!
A hobgoblin comes into view.
The kobold hits you but does no damage.
You closely miss the kobold.
The kobold hits you with a +2 vampiric short sword.
You barely miss the kobold. The kobold closely misses you.
You closely miss the kobold. Your kick misses the kobold.
The kobold closely misses you.
You barely miss the kobold. The kobold closely misses you.
You barely miss the kobold. Your peck misses the kobold.
You barely miss the hobgoblin.
The kobold hits you with a +2 vampiric short sword.
You die...

#.##.# #.##.# # #.##.#
### #####.##.#### ..##
#...........# ##.##
#.###....##.# ##.# #.
#.#####.# #.# #K###.#
#.# #.## #g@...# #.#
####.#
#=....###.#####.######
.~~#.########.#.
#.##.........#
.¤¤#.#... .....
..##.##.####.#
¤¤¤#.#.# ##..#.
####.##.####.#
..~+...# #..#.
#.##......# ..~#.#.#
#..#.# #.##.###..#
.~~#.#.# #..#.#
#.######..## .~~#.#.#
#..#.######.##........


You could see a hobgoblin and a kobold.

Vanquished Creatures
  An endoplasm (D:1)
  A goblin (D:1)
  A hobgoblin (D:1)
  A kobold (D:1)
  A rat (D:1)
5 creatures vanquished.

Notes
Turn   | Place    | Note
-------+----------+-------------------------------------------
     0 | D:1      | qw the Tengu Warper began the quest for the Orb.
     0 | D:1      | Reached XP level 1. HP: 12/12 MP: 4/4
     0 | D:1      | 0 ||| qw: Version: 0.1-a-89-g26bdef1
     0 | D:1      | 0 ||| qw: Game counter: 458
     0 | D:1      | 0 ||| qw: Always use a shield: true
     0 | D:1      | 0 ||| qw: God list: Okawaru
     0 | D:1      | 0 ||| qw: Allow faded altars: false
     0 | D:1      | 0 ||| qw: Do Orc after D:15 true
     0 | D:1      | 0 ||| qw: Do second Lair branch before Depths: true
     0 | D:1      | 0 ||| qw: Lair rune preference: random
     0 | D:1      | 0 ||| qw: Plans: Normal
     0 | D:1      | 0 ||| PLANNING D:1-11
    46 | D:1      | 46 ||| Stepping ~*~*~tactically~*~*~ (stealth).
   190 | D:1      | HP: 3/12 [kobold/+2 vampiric short sword (1)]
   194 | D:1      | Slain by a kobold

Levels and vault maps discovered:
D:1:      dpeg_arrival_yet_another_circle, layout_basic,
          shapermc_ecumenical_altar_hornbeckon, minmay_misc_feat_enclosed

Action                   || total
-------------------------++-------
Melee: Hand axe          ||    12
       Kick              ||     1
Throw: Boomerang         ||     7
Armor: Leather armour    ||     3
Dodge: Dodged            ||     6

Table legend:
 A = Non-vault XP
 B = Vault XP
 C = Vault XP percentage of total XP
 D = Non-vault monster count
 E = Vault monster count
 F = Vault count percentage of total count
                 A         B        C        D         E       F
            +---------+---------+-------+---------+---------+-------
      Total |       8 |       0 |   0.0 |       5 |       0 |   0.0
            +---------+---------+-------+---------+---------+-------
        D:1 |       8 |       0 |   0.0 |       5 |       0 |   0.0
            +---------+---------+-------+---------+---------+-------
